[Event "Early-Titled-Tuesday-Blitz-March-05-2024"]
[Site "Chess.com"]
[Date "2024.03.05"]
[Round "10"]
[White "diamonds13"]
[Black "noblerone"]
[Result "1/2-1/2"]
[WhiteElo "2358"]
[BlackElo "2500"]
[TimeControl "180+1"]
[EndTime "9:58:33 PST"]
[Termination "Game drawn by repetition"]

1. d4 d5 2. c4 c6 3. cxd5 cxd5 4. Bf4 Nf6 5. Nc3 Nc6 6. e3 a6 7. Bd3 Bg4 8. f3 Bh5 9. Nh3 Bg6 10. Nf2 Bxd3 11.
Nxd3 e6 12. O-O Nh5 13. Be5 Nxe5 14. dxe5 g6 15. f4 Qb6 16. Qf3 Be7 17. a4 Ng7 18. a5 Qa7 19. Na4 Bd8 20. b4 Nf5 21. Ndc5 h5 22. Rf2 b5 23. Nb2 Be7 24. Nbd3 Rc8 25. Rc1 O-O 26. g3 Bxc5 27. Nxc5 Rfd8 28. h3 d4 29. e4 Ne3 30. g4 hxg4 31. hxg4 Qe7 32. Rh2 Kg7 33. Kf2 Rh8 34. Rch1 Rxh2+ 35. Rxh2 Rh8 36. Rxh8 Kxh8 37. g5 Kg7 38. Ke2 Qd8 39. Kd3 Nc4 40. Qg2 Nxa5 41. bxa5 Qxa5 42. Qc2 Qa3+ 43. Kxd4 b4 44. Qb3 Qa1+ 45. Kc4 a5 46. Kb5 Qc1 47. Na4 Qxf4 48. Kxa5 Qxe5+ 49. Kxb4 Qxe4+ 50. Qc4 Qxc4+ 51. Kxc4 f6 52. Nc5 fxg5 53. Nxe6+ Kf6 54. Nd4 Ke5 55. Kd3 Kf4 56. Ne6+ Kf5 57. Ng7+ Kf4 58. Ke2 g4 59. Kf2 g3+ 60. Kg2 Kg4 61. Ne6 g5 62.
Nd4 Kf4 63. Ne2+ Kg4 64. Nxg3 Kf4 65. Kf2 g4 66. Kg2 Kg5 67. Kf2 Kf4 68. Kg2 Kg5 69.
Kh2 Kf4 70. Kg2 1/2-1/2

[Event "Early-Titled-Tuesday-Blitz-March-05-2024"]
[Site "Chess.com"]
[Date "2024.03.05"]
[Round "10"]
[White "Jospem"]
[Black "Firouzja2003"]
[Result "1/2-1/2"]
[WhiteElo "3098"]
[BlackElo "3225"]
[TimeControl "180+1"]
[EndTime "9:58:34 PST"]
[Termination "Game drawn by repetition"]

1. e4 c6 2. d4 d5 3. e5 Bf5 4. h4 h5 5. Bd3 Bxd3 6. Qxd3 Qa5+ 7. b4 Qxb4+ 8. Nd2 e6 9. Rb1 Qe7 10. Ne2 Nh6 11. Nf3 Qc7 12. O-O Nd7 13. Bg5 Nb6 14.
Nd2 Be7 15. Nf4 Nf5 16. Bxe7 Qxe7 17. g3 g6 18. Nh3 Kf8 19. Nf3 Kg7 20. Nf4 c5 21. c3 Rac8 22. Ng2 cxd4 23. cxd4 Rc6 24. Ne3 Nh6 25. Rfc1 Rhc8 26. Rxc6 Rxc6 27. Qb3 Qc7 28. Kg2 Rc3 29. Qb2 Ng4 30. Nxg4 hxg4 31. Nh2 Qc4 32. Qd2 Qd3 33. Qxd3 Rxd3 34. Rb4 Nc4 35. Rxb7 Rxd4 36. Rxa7 Nxe5 37. a4 Rd2 38. a5 Ra2 39. a6 d4 40. Ra8 d3 41. a7 Nc6 42. Nxg4 d2 43. Ne3 Nxa7 44. Kf3 e5 45. Ke2 Ra5 46. Nc4 Rd5 47. Nxd2 Nc6 48. Nc4 Nd4+ 49. Kf1 Rc5 50. Ne3 e4 51. Ra7 Nf3 52. Ra1 f5 53. Kg2 Kh6 54. Ra6 Kg7 55. Ra7+ Kh6 56. Ra6 Kg7 57.
Ra7+ Kh6 58. Ra6 1/2-1/2

[Event "Early-Titled-Tuesday-Blitz-March-05-2024"]
[Site "Chess.com"]
[Date "2024.03.05"]
[Round "10"]
[White "NikoTheodorou"]
[Black "Rikikits"]
[Result "1-0"]
[WhiteElo "3069"]
[BlackElo "2865"]
[TimeControl "180+1"]
[EndTime "9:58:34 PST"]
[Termination "NikoTheodorou won by resignation"]

1. d4 d5 2. c4 c6 3. Nf3 Nf6 4. Nc3 dxc4 5. e4 b5 6. Be2 e6 7.
O-O a5 8. Qc2 Be7 9. b3 cxb3 10.
axb3 Na6 11. e5 Nb4 12. Qb1 Nfd5 13. Ne4 h6 14. h4 O-O 15. g3 Bb7 16. Bd2 Qb6 17.
Qc1 Kh7 18. Qb1 Kg8 19. Qc1 Kh7 20. Nc5 Rad8 21. Re1 Bxc5 22. dxc5 Qc7 23. Qb1+ Kg8 24. Qe4 Ne7 25. Bxb4 axb4 26. Bd3 g6 27. h5 Kg7 28. Bc2 Rd5 29. Qxb4 gxh5 30. Qf4 Ng6 31. Qf6+ Kg8 32.
Ra7 Rd7 33. Nh4 Qd8 34. Bxg6 Qxf6 35. exf6 fxg6 36. Rxe6 Kf7 37. Rd6 Rc7 38. Nf3 Re8 39. Nd4 Ra8 40. Rxa8 Bxa8 41. Ne6 Ra7 42. Nd8+ Kf8 43.
Nxc6 Bxc6 44. Rxc6 Kf7 45. Rb6 Ra1+ 46. Kg2 Rc1 47.
b4 Rc4 48. Rxb5 Kxf6 49. Rb6+ Kf5 50. c6 g5 51. b5 h4 52. gxh4 Ke6 53. hxg5 hxg5 54.
Rb7 Kd6 55. Kg3 Rb4 56. c7 Kd7 57. b6 1-0

[Event "Early-Titled-Tuesday-Blitz-March-05-2024"]
[Site "Chess.com"]
[Date "2024.03.05"]
[Round "10"]
[White "Chernov_Mikhail"]
[Black "xakevicius91"]
[Result "1-0"]
[WhiteElo "2427"]
[BlackElo "2570"]
[TimeControl "180+1"]
[EndTime "9:58:34 PST"]
[Termination "Chernov_Mikhail won by checkmate"]

1. e4 c5 2. c3 Nf6 3. e5 Nd5 4.
d4 cxd4 5. cxd4 d6 6. Nf3 e6 7.
Bc4 Be7 8. O-O O-O 9. Qe2 b6 10. Nc3 Nxc3 11. bxc3 Bb7 12. Bf4 Nc6 13. Bd3 Rc8 14. exd6 Bxd6 15. Bxh7+ Kxh7 16. Ng5+ Kg6 17. Qe4+ f5 18. Qxe6+ Rf6 19. Qe3 Bxf4 20. Qxf4 Qd6 21. Qh4 Rff8 22. Qh7+ Kxg5 23. Qxg7+ Qg6 24. f4+ Kh5 25.
Qxb7 Rg8 26. Rf2 Rce8 27. Rd1 Re7 28. Qa6 Kh6 29. d5 Nd8 30. d6 Re6 31. d7 Rd6 32. Re1 Rxd7 33. Qf1 Kh7 34. Rf3 Rgg7 35. Rh3+ Kg8 36.
Rg3 Qf7 37. Rge3 Qd5 38. R1e2 Qc5 39. Kh1 Rde7 40. Rxe7 Rxe7 41. Rd2 Nf7 42. h3 Qe3 43. Rd1 Qxc3 44. Qf2 Qb4 45. Qh4 Qa3 46. Kh2 Qb4 47.
Rd5 Re6 48. Rxf5 Qe4 49. Qg4+ Kf8 50. Qh5 Re7 51. Qh8# 1-0

[Event "Early-Titled-Tuesday-Blitz-March-05-2024"]
[Site "Chess.com"]
[Date "2024.03.05"]
[Round "10"]
[White "campochess"]
[Black "FMStan15"]
[Result "1-0"]
[WhiteElo "2233"]
[BlackElo "2093"]
[TimeControl "180+1"]
[EndTime "9:58:36 PST"]
[Termination "campochess won on time"]

1. e4 e6 2. Qe2 c5 3. Nf3 Nc6 4. c3 Nge7 5. d4 cxd4 6. cxd4 d5 7. e5 Nf5 8. Be3 Qb6 9. Qb5 Nxe3 10. fxe3 Qxb5 11. Bxb5 Bd7 12. Nc3 Bb4 13. O-O Bxc3 14. Bxc6 Bxc6 15. bxc3 Bb5 16. Rfc1 Ke7 17. Kf2 Rhc8 18.
Ke1 f6 19. exf6+ gxf6 20. Kd2 Kd6 21. a4 Ba6 22. Ra3 e5 23. Nh4 Rg8 24. g3 e4 25.
Ng2 h5 26. Nh4 Ke6 27. Ra2 Rac8 28. Rb2 Rc4 29. Ra2 Rgc8 30. Ng6 R4c7 31. Nf4+ Kd6 32. Nxh5 Rh8 33. g4 f5 34. h3 fxg4 35. hxg4 Rf7 36.
Kc2 Rf2+ 37. Kb1 Rf3 38. Re1 Rg8 39. Rg2 Bc4 40. g5 Bb3 41. a5 Ba4 42. Nf4 Bd7 43. g6 Bf5 44. Rg5 Bd7 45. g7 Rf2 46. Rxd5+ Ke7 47. Rg5 Be6 48. Re5 Kf7 49. Rxe6 Rxg7 50. Rxe4 Rh7 51. Re2 Rf1+ 52. Kc2 Rhh1 53. Kd3 Rd1+ 54.
Kc4 Ra1 55. Re5 Ra4+ 56. Kd3 Ra3 57. Rc2 Rh6 58. Ke4 Kf6 59. Re6+ Kg5 60. Rg2+ 1-0

[Event "Early-Titled-Tuesday-Blitz-March-05-2024"]
[Site "Chess.com"]
[Date "2024.03.05"]
[Round "10"]
[White "Pelusiansky"]
[Black "thebeast2900"]
[Result "1-0"]
[WhiteElo "2575"]
[BlackElo "2311"]
[TimeControl "180+1"]
[EndTime "9:58:38 PST"]
[Termination "Pelusiansky won by checkmate"]

1. c4 c5 2. Nc3 Nc6 3. g3 g6 4. Bg2 Bg7 5. e3 e5 6. Nge2 Nge7 7. O-O d6 8. a3 a5 9. Rb1 O-O 10. d3 Be6 11. Nd5 Rb8 12. Nec3 f5 13. Bd2 g5 14. b4 axb4 15. axb4 cxb4 16. Nxb4 Nxb4 17. Rxb4 Nc6 18. Rb5 f4 19. Qh5 g4 20. Be4 h6 21.
Qg6 Qf6 22. Qxf6 Bxf6 23. Rfb1 fxg3 24. hxg3 Ne7 25. Bxb7 Kf7 26. Ne4 Nf5 27. Bd5 Rxb5 28. Bxe6+ Kxe6 29. cxb5 h5 30. b6 Rb8 31. b7 Bd8 32. Bc3 Ne7 33. d4 Nd5 34. dxe5 dxe5 35. Bd2 Bb6 36. Nc3 Nxc3 37. Bxc3 Rxb7 38. Ba5 Bxa5 39.
Rxb7 Bc3 40. e4 Bd4 41. Rh7 h4 42. Rxh4 Kd6 43. Rxg4 Kc5 44. Kg2 Kc4 45. Kf3 Kd3 46. Rg6 Kd2 47. Rd6 Ke1 48. g4 Bxf2 49. Rd1+ Kxd1 50. Kxf2 Kd2 51. Kf3 Kd3 52. g5 Kd4 53. g6 Kc5 54. g7 Kd6 55. g8=Q Kc5 56. Qd5+ Kb4 57. Qc6 Kb3 58. Ke3 Kb2 59. Kd3 Kb3 60. Qc3+ Ka2 61. Qb4 Ka1 62. Kc2 Ka2 63. Qb2# 1-0

[Event "Early-Titled-Tuesday-Blitz-March-05-2024"]
[Site "Chess.com"]
[Date "2024.03.05"]
[Round "10"]
[White "RianKapriaga"]
[Black "balack95"]
[Result "0-1"]
[WhiteElo "2291"]
[BlackElo "2457"]
[TimeControl "180+1"]
[EndTime "9:58:38 PST"]
[Termination "balack95 won on time"]

1. d4 Nf6 2. e3 c5 3. c3 e6 4. Nd2 d5 5. Ngf3 Be7 6. dxc5 Bxc5 7. b4 Bb6 8. Bd3 O-O 9. Bb2 a5 10. a3 Bd7 11. O-O axb4 12. cxb4 Ba4 13. Qe2 Nc6 14. Rac1 Qe7 15. Ng5 e5 16. Bb1 h6 17.
Ngf3 e4 18. Nh4 Qe6 19. f3 exf3 20. Rxf3 Ng4 21. Nf1 d4 22. Nf5 Nce5 23. exd4 Nxf3+ 24. Qxf3 Nf6 25. Qg3 Ne8 26. Rc5 Bxc5 27. dxc5 g5 28.
h4 Ng7 29. Nxg7 Qb3 30. Qf2 f6 31. Nf5 Rae8 32. Nxh6+ Kg7 33. Nf5+ Kg8 34. Nh6+ Kg7 35.
hxg5 Qc4 36. Nf5+ Kg8 37. gxf6 Kf7 38. Nh6+ Ke6 39. Qe3+ Kd7 40. Qh3+ Kc6 41. Qf3+ Kc7 42. f7 Rd8 43. Qg3+ Kc8 44. Bf5+ Bd7 45. Bxd7+ Rxd7 46. Bg7 Rfxf7 47. Nxf7 Rxf7 48. Be5 Kd7 0-1

[Event "Early-Titled-Tuesday-Blitz-March-05-2024"]
[Site "Chess.com"]
[Date "2024.03.05"]
[Round "10"]
[White "RantomOpening"]
[Black "BardArtem"]
[Result "0-1"]
[WhiteElo "2581"]
[BlackElo "2736"]
[TimeControl "180+1"]
[EndTime "9:58:39 PST"]
[Termination "BardArtem won by checkmate"]

1. c4 e6 2. Nf3 d5 3. e3 Nf6 4. Nc3 c5 5. cxd5 Nxd5 6. d4 Nc6 7. Bb5 Qa5 8. Bxc6+ bxc6 9. Bd2 Qa6 10. a3 cxd4 11. Nxd4 Nxc3 12. Bxc3 c5 13. Nf3 f6 14. Nd2 Bb7 15.
Qh5+ g6 16. Qg4 Be7 17. O-O-O Kf7 18. Ne4 Rad8 19. Qf4 e5 20. Qh4 h5 21. Nd2 Rd3 22. Nb1 Rhd8 23. Qh3 Rxd1+ 24. Rxd1 Rxd1+ 25. Kxd1 Qd3+ 26.
Nd2 Be4 27. f3 Bf5 28. g4 hxg4 29. fxg4 Be4 30. Qh7+ Ke6 31. Qg8+ Kd7 32. Qb8 Qxe3 33. Qxa7+ Ke6 34. Qa6+ Bd6 35. Nxe4 Qxe4 36. Qe2 Qd5+ 37.
Kc2 f5 38. gxf5+ gxf5 39. Qh5 Qe4+ 40. Kb3 Qd5+ 41. Kc2 Qe4+ 42. Kc1 c4 43. Qe8+ Kf6 44. Qd8+ Be7 45. Qh8+ Ke6 46. Qc8+ Kf7 47. Bd2 Qh1+ 48. Kc2 Qd5 49. Bc3 Qd3+ 50. Kc1 Bg5+ 51. Bd2 Bxd2+ 52. Kd1 Bc3+ 53. Kc1 Qd2+ 54. Kb1 Qxb2# 0-1

[Event "Early-Titled-Tuesday-Blitz-March-05-2024"]
[Site "Chess.com"]
[Date "2024.03.05"]
[Round "10"]
[White "Ralf61"]
[Black "Cheer_Down"]
[Result "0-1"]
[WhiteElo "2533"]
[BlackElo "2430"]
[TimeControl "180+1"]
[EndTime "9:58:39 PST"]
[Termination "Cheer_Down won on time"]

1. d4 d5 2. c4 e6 3. Nc3 Nf6 4. Nf3 Nbd7 5. Bg5 h6 6. Bh4 Be7 7. e3 O-O 8. Rc1 c5 9. cxd5 cxd4 10. Nxd4 Nxd5 11. Bxe7 Nxe7 12. Be2 Ne5 13. O-O Bd7 14.
Qb3 Qb6 15. Qxb6 axb6 16. a3 N7c6 17. Ndb5 Na5 18. Rfd1 Rfd8 19. Nd6 Nb3 20. Rb1 Bc6 21. f3 Rd7 22. Nde4 Rad8 23. Rxd7 Rxd7 24. Rd1 Rxd1+ 25.
Bxd1 Nc5 26. Bc2 Nc4 27. Nxc5 bxc5 28. Nd1 e5 29. e4 Kf8 30. Kf2 Ke7 31. Ke2 Nd6 32. Ne3 b6 33. Bb3 g6 34. Nd5+ Bxd5 35.
Bxd5 f5 36. Kd3 Kf6 37. Kc3 Kg5 38. g3 h5 39. h4+ Kf6 40. a4 g5 41. hxg5+ Kxg5 42. exf5 Kxf5 43. b4 cxb4+ 44. Kxb4 Kg5 45. Bc6 h4 46. gxh4+ Kxh4 47. a5 bxa5+ 48. Kxa5 Kg5 49. Kb4 Kf4 50. Kc5 Nf7 51. Bd5 Ng5 52. Kd6 Nh3 53. Ke6 Nf2 54. Kf6 Nd3 55. Be4 Nc5 56.
Bd5 Nd7+ 57. Ke6 Nb6 58. Kd6 Na4 0-1

[Event "Early-Titled-Tuesday-Blitz-March-05-2024"]
[Site "Chess.com"]
[Date "2024.03.05"]
[Round "10"]
[White "Chopper1905"]
[Black "mishanick"]
[Result "0-1"]
[WhiteElo "2964"]
[BlackElo "3086"]
[TimeControl "180+1"]
[EndTime "9:58:42 PST"]
[Termination "mishanick won by checkmate"]

1. d4 Nf6 2. c4 e6 3. Nf3 d5 4. Nc3 Nbd7 5. cxd5 exd5 6. Bg5 c6 7. e3 h6 8. Bh4 g5 9. Bg3 Nh5 10. Bd3 Nxg3 11. hxg3 Nb6 12. Rc1 Be6 13. O-O h5 14.
Ne5 g4 15. f4 f5 16. Ng6 Rh7 17. Kf2 Bd6 18. Rh1 Qf6 19. Ne5 h4 20. Nxg4 Qg7 21.
Ne5 Qxg3+ 22. Kf1 Qxe3 23. Ne2 h3 24. Rc3 Bxe5 25. Bxf5 hxg2+ 26. Kxg2 Rxh1 27. Kxh1 Qf2 28. Bxe6 Bf6 29. Rh3 Ke7 30. f5 Rh8 31. Rxh8 Bxh8 32. Qd3 Bf6 33. Ng1 Bxd4 34. Nh3 Qe1+ 35. Kg2 Bxb2 36.
Qb3 Qd2+ 37. Kh1 Qc1+ 38. Kg2 Qc3 39. Qd1 Qg7+ 40. Kh1 Nc4 41. Qb3 b5 42. Qb4+ Kf6 43. Qc5 Be5 44. Qxc6 Qg3 45. Bxd5+ Kg7 46. Qd7+ Kh6 47.
Qe6+ Kh5 48. Qf7+ Kg4 49. Qg6+ Kxh3 50. Qh5+ Qh4 51. Qf3+ Qg3 52. Qh5+ Qh4 53. Qf3+ Bg3 54. Kg1 Qd4+ 55. Kh1 Qa1+ 56. Qf1+ Qxf1# 0-1

[Event "Early-Titled-Tuesday-Blitz-March-05-2024"]
[Site "Chess.com"]
[Date "2024.03.05"]
[Round "10"]
[White "wonderfultime"]
[Black "viviania"]
[Result "1-0"]
[WhiteElo "3040"]
[BlackElo "2898"]
[TimeControl "180+1"]
[EndTime "9:58:42 PST"]
[Termination "wonderfultime won on time"]

1. d4 f5 2. e4 fxe4 3. Nc3 Nf6 4. Bg5 Nc6 5. d5 Ne5 6. Qd4 Nf7 7. Bxf6 exf6 8.
O-O-O Be7 9. Qxe4 O-O 10. h4 d6 11. Nf3 f5 12. Qf4 Bf6 13. Nb5 Bd7 14. Nbd4 Be5 15.
Qd2 Qf6 16. c3 c5 17. Ne6 Bxe6 18. dxe6 Qxe6 19. Qd5 Qxd5 20. Rxd5 g6 21. Bc4 Kg7 22.
Rhd1 Rad8 23. R5d3 Bf4+ 24. Kc2 Ne5 25. Nxe5 Bxe5 26.
a4 b6 27. Bd5 f4 28. Bf3 Rb8 29. Kb3 b5 30. axb5 Rxb5+ 31. Kc2 Rfb8 32. Rb1 a5 33. Rdd1 R5b6 34. b3 h5 35. Bd5 Bf6 36. g3 fxg3 37. fxg3 Be5 38. Rg1 Rf8 39. Rg2 Rf6 40. Ra1 Rb8 41.
Rxa5 Rbf8 42. Kd3 Kh6 43. Raa2 Rf1 44. Rac2 Rd1+ 45. Kc4 Rff1 46. Bc6 Rg1 47. b4 cxb4 48.
cxb4 Bxg3 49. b5 d5+ 50. Bxd5 Bxh4 51. b6 1-0

[Event "Early-Titled-Tuesday-Blitz-March-05-2024"]
[Site "Chess.com"]
[Date "2024.03.05"]
[Round "10"]
[White "SlavenPastar"]
[Black "Herzog2012"]
[Result "0-1"]
[WhiteElo "2595"]
[BlackElo "2521"]
[TimeControl "180+1"]
[EndTime "9:58:42 PST"]
[Termination "Herzog2012 won by checkmate"]

1. b3 e5 2. Bb2 Nc6 3. Nf3 e4 4. Nd4 Nxd4 5. Bxd4 d5 6. e3 Nf6 7. c4 c6 8. Nc3 Be6 9. cxd5 cxd5 10. Bb5+ Nd7 11.
Qh5 a6 12. Bxd7+ Qxd7 13. O-O Bd6 14. Bxg7 Rg8 15. Bf6 Bh3 16. g3 Bxf1 17. Rxf1 Qe6 18. Nxd5 Rg6 19. Bd4 Rc8 20. Nb6 Rh6 21. Qxh6 Qxh6 22.
Nxc8 Bb4 23. Nb6 Qc6 24. Nc4 b5 25. Ne5 Qc2 26. f3 Qxa2 27. fxe4 Qxb3 28. Rxf7 Bxd2 29. Rf3 Qd1+ 30. Kg2 b4 31. Bc5 Kd8 32. Rf7 Qe2+ 33.
Rf2 Qh5 34. Bd6 Kc8 35. Rf8+ Kb7 36. Rf5 Qe2+ 37. Rf2 Qxe3 38. Rf7+ Ka8 39. Rf8+ Ka7 40. Rf7+ Ka8 41. Rf4 Qe2+ 42. Rf2 Qb5 43. Rxd2 b3 44. Ba3 Qxe5 45. Rd8+ Kb7 46. Bd6 Qxe4+ 47. Kh3 Kc6 48. Bf4 b2 49. Rc8+ Kd7 50. Rb8 b1=Q 51. Ra8 Qxa8 52.
Kg4 Qae4 53. h4 Qd1+ 54. Kg5 Qg6# 0-1

[Event "Early-Titled-Tuesday-Blitz-March-05-2024"]
[Site "Chess.com"]
[Date "2024.03.05"]
[Round "10"]
[White "Goryachkina"]
[Black "Binary010"]
[Result "1/2-1/2"]
[WhiteElo "2700"]
[BlackElo "2814"]
[TimeControl "180+1"]
[EndTime "9:58:43 PST"]
[Termination "Game drawn by repetition"]

1. e4 e5 2. Nf3 Nf6 3. Nxe5 d6 4. Nf3 Nxe4 5. Nc3 Nxc3 6. dxc3 Be7 7. Be3 Nc6 8. Qd2 Bf5 9. O-O-O Qd7 10. h3 a6 11.
a3 O-O-O 12. Be2 Bf6 13. Rhe1 Rhe8 14. g4 Be4 15. Ng5 Bxg5 16. Bxg5 f6 17. Be3 Ne5 18. Qd4 Nf3 19. Bxf3 Bxf3 20. Qa7 Qc6 21. Rd4 Kd7 22. Rf4 Re5 23. h4 h6 24. Rg1 Rde8 25. g5 hxg5 26. hxg5 Rxg5 27. Rxg5 fxg5 28. Rf7+ Re7 29. Rxe7+ Kxe7 30. Qd4 Kf7 31. Bxg5 Qe4 32. Qxe4 Bxe4 33. Bd8 c6 34.
Bc7 d5 35. Bg3 Ke6 36. Kd2 Kf5 37. b4 Kg4 38. Be5 g6 39. Bg3 Kf3 40. Kd1 g5 41.
Kd2 Bf5 42. Kd1 Bg6 43. Kd2 Be4 44. Kd1 b6 45. Kd2 c5 46. Kd1 Bf5 47. Kd2 Bg6 48.
Kd1 Bh7 49. Kd2 Be4 50. Kd1 Kg4 51. Kd2 Kf5 52. Bd6 c4 53. Bc7 b5 54. Bd8 Kf4 55.
Be7 g4 56. Bh4 Kf3 57. Bg3 Bh7 58. Kd1 Bg6 59. Kd2 Bh7 60. Kd1 Be4 61. Kd2 Bf5 62.
Kd1 Bg6 63. Kd2 Be4 64. Kd1 Bg6 1/2-1/2

[Event "Early-Titled-Tuesday-Blitz-March-05-2024"]
[Site "Chess.com"]
[Date "2024.03.05"]
[Round "10"]
[White "Zhigalko_Sergei"]
[Black "manitodeplomo"]
[Result "1-0"]
[WhiteElo "2894"]
[BlackElo "2708"]
[TimeControl "180+1"]
[EndTime "9:58:44 PST"]
[Termination "Zhigalko_Sergei won on time"]

1. e4 e5 2. Nf3 Nf6 3. d4 Nxe4 4.
Bd3 Nc6 5. d5 Nc5 6. dxc6 e4 7.
cxb7 Bxb7 8. Be2 exf3 9. Bxf3 Bxf3 10. Qxf3 Bd6 11. O-O O-O 12. Nc3 Ne6 13. Rd1 Be5 14.
Ne4 Rb8 15. c3 c6 16. Qf5 Qc7 17. g3 d5 18. Ng5 Nxg5 19. Qxg5 h6 20. Qf5 Rfe8 21.
Rb1 Qc8 22. Qxc8 Rexc8 23. Be3 a5 24. Bd4 f6 25. b3 Kf7 26. f4 Bd6 27. c4 g5 28. fxg5 hxg5 29. Rf1 Be7 30. Rbc1 a4 31. bxa4 Rb4 32. a5 Rxc4 33. Rxc4 dxc4 34. Rc1 Ra8 35. Bb6 Bb4 36. Rxc4 Bxa5 37. Bd4 Bd8 38. a4 Ra6 39. Kf2 Ke6 40. Ke3 Be7 41. Kd3 Kd5 42. g4 c5 43.
Bc3 Ra8 44. a5 Ra6 45. Ra4 Bd8 46. h3 Be7 47. Bd2 Bd8 48. Bc3 Be7 49. Kc2 c4 50. Ra1 Bd8 51. Rf1 Be7 52. Rf5+ Ke6 53. Kb2 Rd6 54. Kc2 1-0

[Event "Early-Titled-Tuesday-Blitz-March-05-2024"]
[Site "Chess.com"]
[Date "2024.03.05"]
[Round "10"]
[White "Louis-Paulsen-Fan"]
[Black "The_Straightforward_Rook"]
[Result "1/2-1/2"]
[WhiteElo "2252"]
[BlackElo "2465"]
[TimeControl "180+1"]
[EndTime "9:58:44 PST"]
[Termination "Game drawn - timeout vs insufficient material"]

1. d4 d5 2. Nf3 Nf6 3. c4 c6 4. Nc3 e6 5. Bg5 h6 6. Bh4 dxc4 7. e4 g5 8. Bg3 b5 9. Be2 Bg7 10.
a3 Bb7 11. Ne5 Nbd7 12. O-O Qb6 13. d5 cxd5 14. exd5 Nxd5 15. Nxd7 Kxd7 16. Bf3 Bxc3 17. bxc3 Ke7 18. Be5 Rhd8 19. Bd4 Qc7 20. Qc2 f5 21.
Rfe1 Kf7 22. Bh5+ Kg8 23. Rxe6 Nf4 24. Qxf5 Rxd4 25. cxd4 Nxe6 26. Qxe6+ Kg7 27. Qg6+ Kf8 28. Qxh6+ Kg8 29. Qxg5+ Kh8 30. Re1 Rg8 31. Qh6+ Qh7 32. Qxh7+ Kxh7 33. Re7+ Rg7 34. Rxg7+ Kxg7 35. Kf1 c3 36. Ke1 Bxg2 37. Be8 a6 38. Kd1 Be4 39. h4 Bd3 40. Kc1 a5 41. Bxb5 Bxb5 42. Kc2 Ba4+ 43. Kxc3 Bd1 44. Kc4 a4 45. d5 Bb3+ 46. Kc5 Kf7 47.
Kc6 Ke8 48. d6 Be6 49. h5 Kd8 50. h6 Bf5 51. Kd5 Kd7 52. Ke5 Bc2 53. f4 Bh7 54.
f5 Ke8 55. f6 Bg6 56. Kd5 Kd7 57. Kc5 Ke6 58. Kc6 Be8+ 59. Kc7 Kxf6 60. d7 Bxd7 61. Kxd7 Kg6 62. Kc6 Kxh6 63. Kb5 Kg5 64. Kxa4 Kf4 65. Kb5 Ke4 66. a4 Kd4 67. a5 Kd5 1/2-1/2

[Event "Early-Titled-Tuesday-Blitz-March-05-2024"]
[Site "Chess.com"]
[Date "2024.03.05"]
[Round "10"]
[White "KononenkoD"]
[Black "ajeale2"]
[Result "1-0"]
[WhiteElo "2616"]
[BlackElo "2493"]
[TimeControl "180+1"]
[EndTime "9:58:46 PST"]
[Termination "KononenkoD won on time"]

1. e4 g6 2. d4 Bg7 3. Nc3 d5 4. e5 c5 5. f4 cxd4 6. Nb5 Nc6 7. Nxd4 Nh6 8. Ngf3 O-O 9. c3 f6 10. exf6 exf6 11. Be2 Re8 12. O-O Ng4 13. h3 Ne3 14. Bxe3 Rxe3 15. Qd2 Re7 16. Rae1 Bd7 17. Bd1 Be8 18. Ne6 Qd6 19. Nxg7 Kxg7 20. Rxe7+ Nxe7 21. Nd4 Bf7 22. Re1 Nc6 23. Bf3 Rd8 24. Kh1 Na5 25. f5 Nc4 26. Qf2 Ne5 27. fxg6 hxg6 28. Qg3 Qd7 29.
Rxe5 fxe5 30. Qxe5+ Kh7 31. Bg4 Qd6 32. Qg5 Re8 33. Qh4+ Kg8 34. Nf3 Qf4 35. Qf2 Re3 36.
a3 a6 37. Qc2 Qe4 38. Qb3 d4 39. Qb6 dxc3 40. bxc3 Rxc3 41. Qd8+ Qe8 42. Qd2 Rxa3 43. Qb2 Ra2 44. Qxb7 Ra1+ 45. Kh2 a5 46. Qc7 Ra2 47. Ng5 a4 48. Bf3 Rb2 49. Qd6 Qb8 50. Nxf7 Qxd6+ 51. Nxd6 a3 52. Nc4 a2 53. Nxb2 a1=Q 54. Nd3 Qd4 55. Be2 1-0

[Event "Early-Titled-Tuesday-Blitz-March-05-2024"]
[Site "Chess.com"]
[Date "2024.03.05"]
[Round "10"]
[White "rdarruda"]
[Black "janhelmer03"]
[Result "1-0"]
[WhiteElo "2524"]
[BlackElo "2390"]
[TimeControl "180+1"]
[EndTime "9:58:46 PST"]
[Termination "rdarruda won on time"]

1. Nf3 d5 2. d4 Nf6 3. c4 c6 4.
e3 e6 5. Nc3 Nbd7 6. Bd3 dxc4 7. Bxc4 b5 8. Bd3 Bb7 9. e4 b4 10. e5 bxc3 11. exf6 cxb2 12. fxg7 Bxg7 13. Bxb2 Qa5+ 14.
Qd2 Qxd2+ 15. Nxd2 c5 16. Nb3 cxd4 17. O-O O-O 18. Bxd4 Ne5 19. Be2 Rfd8 20. Rfd1 a5 21. Rac1 Bd5 22. Rc2 a4 23. Nc1 Be4 24. Rcd2 Bd5 25.
a3 Rac8 26. Bb5 Bb3 27. Nxb3 axb3 28. a4 b2 29. Bxb2 Rxd2 30. Rxd2 Nc4 31. Bxc4 Bxb2 32. Bf1 Be5 33. Ra2 Rc1 34. g3 Ra1 35. Rxa1 Bxa1 36.
a5 Bd4 37. a6 Kf8 38. Kg2 Ke7 39. Bd3 Kd6 40. Bxh7 f5 41. Bg8 e5 42. h4 e4 43.
h5 Ke7 44. h6 Kf6 45. Kf1 Kg6 46. h7 Kg7 47. Ke2 Be5 48. Ke3 Bc7 49. g4 Bb6+ 50. Kf4 Bxf2 51. gxf5 e3 52. Kf3 Bg1 53. f6+ Kxf6 54. h8=Q+ Ke7 55. Qg7+ 1-0

[Event "Early-Titled-Tuesday-Blitz-March-05-2024"]
[Site "Chess.com"]
[Date "2024.03.05"]
[Round "10"]
[White "Iball95"]
[Black "Sina_Movahed"]
[Result "0-1"]
[WhiteElo "2905"]
[BlackElo "3048"]
[TimeControl "180+1"]
[EndTime "9:58:47 PST"]
[Termination "Sina_Movahed won on time"]

1. e4 c5 2. Nf3 d6 3. Nc3 Nf6 4. d4 cxd4 5. Qxd4 a6 6. e5 Nc6 7. Qa4 dxe5 8. Nxe5 Bd7 9. Nxd7 Qxd7 10. Be3 e6 11.
Rd1 Qc8 12. g3 Bb4 13. Bg2 O-O 14. O-O Bxc3 15. bxc3 h6 16. c4 Qc7 17. Rb1 Rac8 18. h3 Rfe8 19. Rfd1 e5 20. Rb6 Nd7 21. Rb2 e4 22.
Rdb1 Rb8 23. c5 Nce5 24. Qxe4 Nxc5 25. Bxc5 Qxc5 26. Rxb7 Rbd8 27. Qf5 g6 28. Qf6 Rd6 29. Qf4 Kg7 30. Qb4 Rc8 31. Re1 g5 32. h4 Re6 33. Re3 Qxb4 34. Rxb4 Rxc2 35. hxg5 hxg5 36. Rbe4 Kf6 37. Bh3 Re8 38. Kg2 Rc5 39. f4 gxf4 40. gxf4 Rg8+ 41. Kf1 Nc4 42. Re2 Rd8 43. Kf2 Nd2 44.
R4e3 Rd6 45. Rg3 Rc2 46. Bg2 Rxa2 47. Rge3 a5 48. Kg3 a4 49. Kg4 Nc4 50. Re4 Rxe2 51. Rxe2 a3 52. Ra2 Ne3+ 53. Kf3 Nxg2 54. Kxg2 Ra6 55.
Kf3 Kf5 56. Ke3 Ra4 57. Kd3 Kxf4 58. Rf2+ Ke5 59. Re2+ Kd6 60. Re4 Rxe4 0-1

[Event "Early-Titled-Tuesday-Blitz-March-05-2024"]
[Site "Chess.com"]
[Date "2024.03.05"]
[Round "10"]
[White "Rodalquilar"]
[Black "Kunalm64"]
[Result "1-0"]
[WhiteElo "2799"]
[BlackElo "2623"]
[TimeControl "180+1"]
[EndTime "9:58:49 PST"]
[Termination "Rodalquilar won by resignation"]

1. d4 Nf6 2. Nf3 e6 3. Bf4 b6 4. e3 Bb7 5. Nbd2 d6 6. h3 Nbd7 7. c3 g6 8. Be2 Bg7 9. O-O O-O 10. Bh2 Qe7 11. a4 a5 12. Bd3 e5 13. e4 Rfe8 14. Re1 Nh5 15. Bb5 Nf4 16. Bxf4 exf4 17.
Qb3 Rf8 18. Bc4 Kh8 19. Bd5 c6 20. Bc4 g5 21. Qd1 Qf6 22. Nh2 Qg6 23. Qg4 Nf6 24.
Qf5 d5 25. Qxg6 hxg6 26. exd5 cxd5 27. Bd3 Rfe8 28. Nhf3 Nh7 29. Ne5 Bxe5 30. dxe5 Nf8 31. Nf3 Ne6 32. Bb5 Red8 33. Rad1 Kg7 34. Nd4 Nxd4 35.
Rxd4 Ba6 36. Bxa6 Rxa6 37. Red1 Kf8 38. Rxd5 Rxd5 39. Rxd5 Ra7 40. Kf1 Rc7 41. Rb5 Rc6 42. Ke2 Ke7 43. Kf3 Ke6 44. Kg4 f5+ 45. exf6 Kxf6 46.
Rxg5 f3 47. gxf3 Rc4+ 48. f4 Rxa4 49. Rb5 Ra1 50. Rxb6+ Kf7 51. b3 Ra3 52. c4 a4 53.
bxa4 Rxa4 54. c5 Rc4 55. c6 Kg7 56. Kf3 Rc3+ 57. Ke4 Rxh3 58. Kd4 Rh1 59. Rb5 Rd1+ 60.
Ke5 Rb1 61. Rxb1 1-0

[Event "Early-Titled-Tuesday-Blitz-March-05-2024"]
[Site "Chess.com"]
[Date "2024.03.05"]
[Round "10"]
[White "mary-sanna"]
[Black "MeesvanOsch"]
[Result "0-1"]
[WhiteElo "2222"]
[BlackElo "2377"]
[TimeControl "180+1"]
[EndTime "9:58:50 PST"]
[Termination "MeesvanOsch won on time"]

1. d4 Nf6 2. c4 g6 3. Nc3 Bg7 4. e4 d6 5. Be2 O-O 6. Bg5 e5 7.
dxe5 dxe5 8. Qxd8 Rxd8 9. Nd5 Nbd7 10. Nxc7 Rb8 11. Nd5 h6 12. Bxf6 Nxf6 13. Nxf6+ Bxf6 14. Nf3 Be6 15. O-O Rbc8 16. b3 g5 17. Rfd1 g4 18. Ne1 Be7 19. Rxd8+ Rxd8 20. Rd1 Rxd1 21. Bxd1 Bc5 22.
Kf1 Kf8 23. Nc2 a5 24. Ke2 a4 25. Ne3 a3 26. Nc2 Ke7 27. Kd3 Bxf2 28. Nxa3 Bg1 29.
h3 gxh3 30. gxh3 Bxh3 31. Nb5 f5 32. exf5 Bxf5+ 33. Kc3 Bg6 34. a4 h5 35. a5 h4 36. Bg4 Bf2 37. Kd2 Bf7 38. Ke2 Bc5 39. Kf3 Bb4 40. Ke4 Be6 41. Bf3 Kf6 42. Nc7 Bf5+ 43.
Kd5 Bxa5 44. Ne8+ Kg5 45. Kxe5 Bc3+ 46. Kd6 Kf4 47. Bg2 Bg6 48. Nc7 Be5+ 49. Kd7 Bf5+ 50. Kd8 Bf6+ 51. Ke8 Be4 52. Bh3 Be5 53. Ne6+ Kg3 54.
Ng5 Bc2 55. Kd7 Bf4 56. Kc8 Bxg5 57. Bd7 Be4 58. b4 Bd2 59. b5 Be3 60. Kc7 b6 0-1